AoeStats
← tomwilmore

Glade

510645772Analyzed
1v1 RM · 23h ago on Oct 2, 2026· 70m 12s· 2 players
Game mode
Random Map
Map size
Tiny (2 player)
Population
200
Speed
Normal
Resources
Standard
Victory
Conquest
Starting age
Dark Age
Ending age
Imperial Age
RankedLock teamsTeams togetherTeam positionsShared explorationLock speedFull tech treeHidden civsTurbo modeCheats
Victory
Defeat
🇬🇧 Inca · United Kingdom
618
+24
🇨🇦 Dravidians · Canada
608
-16
midnightmunk
13:50 Feudal Age
13:55 Loom
14:19 Town Watch
14:23 Double-Bit Axe
15:36 Fletching
15:33 Horse Collar
21:51 Castle Age
22:53 Bow Saw
22:08 Elite Skirmisher
22:55 Thumb Ring
24:43 Bodkin Arrow
27:18 Wheelbarrow
26:44 Stone Mining
27:55 Arson
28:26 Forging
28:36 Hand Cart
32:15 Husbandry
33:31 Fortified Wall
33:15 Guard Tower
33:49 Ballistics
38:22 Imperial Age
37:41 Murder Holes
37:57 Masonry
40:15 Chemistry
42:06 Two-Man Saw
42:34 Hoardings
43:20 Conscription
43:52 Heavy Plow
43:55 Squires
43:58 Bracer
49:26 Gold Mining
50:53 Padded Archer Armor
51:29 Iron Casting
50:55 Scale Mail Armor
50:43 Gambesons
50:28 Elite Elephant Archer
51:06 Elite Urumi Swordsman
56:53 Leather Archer Armor
57:40 Blast Furnace
56:56 Chain Mail Armor
58:22 Town Patrol
58:58 Herbal Medicine
tomwilmore
9:35 Loom
12:24 Feudal Age
19:05 Castle Age
18:08 Double-Bit Axe
19:04 Fletching
19:17 Padded Archer Armor
20:21 Gold Mining
20:17 Horse Collar
20:20 Champi Runner
23:59 Wheelbarrow
24:55 Crossbowman
25:43 Thumb Ring
26:39 Stone Mining
28:24 Bodkin Arrow
28:46 Leather Archer Armor
29:50 Hand Cart
29:45 Champi Warrior
30:45 Forging
30:37 Scale Mail Armor
30:36 Town Watch
32:30 Heavy Plow
33:13 Stone Shaft Mining
33:13 Gold Shaft Mining
33:00 Bow Saw
33:48 Murder Holes
36:28 Imperial Age
35:03 Champi Warrior
40:34 Town Patrol
43:51 Fabric Shields
44:33 Hoardings
44:12 Onager
49:08 Ring Archer Armor
48:39 Bracer
49:14 Iron Casting
48:55 Chain Mail Armor
49:56 Capped Ram
50:50 Andean Sling
51:19 Ballistics
52:00 Chemistry
50:46 Treadmill Crane
51:57 Conscription
51:17 Siege Ram
51:27 Elite Champi Warrior
53:20 Elite Skirmisher
56:47 Plate Mail Armor
57:17 Blast Furnace
57:28 Squires
66:26 Arbalester
Connection lost

Rejoining the realm…

Still unreachable

The connection could not be restored.

Session expired

The server has moved on; the page needs a fresh start.